 Dungeon Crawl Stone Soup version 0.29.1-debian-4-g95531337e3 (webtiles) character file.

Game seed: 7357029137081108654

81 Dreamer the Grasshopper (level 4, -7/30 HPs)
             Began as an Octopode Warper on Sept 13, 2022.
             Killed by divine providence
             ... invoked by an orc priest
              (8 damage)
             ... on level 2 of the Dungeon.
             The game lasted 00:04:52 (1864 turns).

Dreamer the Grasshopper (Octopode Warper)           Turns: 1864, Time: 00:04:53

Health: -7/30      AC:  1    Str: 10    XL:     4   Next: 42%
Magic:  7/7        EV: 13    Int: 17    God:
Gold:   96         SH:  0    Dex: 11    Spells: 7/7 levels left

rFire   . . .      SeeInvis .     - Unarmed
rCold   . . .      Faith    .   (no shield)
rNeg    . . .      Spirit   .   (helmet restricted)
rPois   .          Reflect  .   (no amulet)
rElec   .          Harm     .   (no ring)
rCorr   .          Rampage  .   (no ring)
Will    .....                   (no ring)
Stlth   +++.......              (no ring)
HPRegen 0.10/turn               (no ring)
MPRegen 0.10/turn               (no ring)
                                (no ring)
                                (no ring)

@: no status effects
A: almost no armour, amphibious, 8 rings, camouflage 1, gelatinous body 1,
(nimble swimmer 1), tentacles
a: no special abilities


You were on level 2 of the Dungeon.
You visited 1 branch of the dungeon, and saw 2 of its levels.

You collected 96 gold pieces.

Inventory:

Missiles
 b - 7 boomerangs of dispersal (quivered)
Scrolls
 a - a scroll of blinking
 d - a scroll of fear {unknown}
 e - 2 scrolls of vulnerability {unknown}
 f - 2 scrolls of teleportation {unknown}
 j - 2 scrolls of identify {unknown}
 l - a scroll of torment {unknown}
 o - a scroll of noise {unknown}
 p - a scroll of enchant weapon {unknown}
 r - a scroll of immolation {unknown}
Potions
 c - a potion of mutation {unknown}
 g - a potion of haste {unknown}
 h - a potion of curing
 i - a potion of flight {unknown}
 k - a potion of brilliance {unknown}
 m - a potion of lignification {unknown}
 n - a potion of might {unknown}
 q - a potion of degeneration {unknown}
 s - a potion of magic {unknown}


   Skills:
 + Level 2.4 Fighting
 - Level 1.0 Throwing
 + Level 2.7 Dodging
 + Level 1.9 Stealth
 * Level 3.1 Unarmed Combat
 + Level 2.3 Spellcasting
 + Level 3.3 Translocations


You had 7 spell levels left.
You didn't know any spells.
Your spell library contained the following spells:

 Spells                   Type           Power      Damage    Failure   Level
 Blink                    Tloc           26%        N/A       7%          2
 Gell's Gravitas          Tloc           13%        N/A       14%         3
 Lesser Beckoning         Tloc           13%        N/A       14%         3
 Teleport Other           Tloc           13%        N/A       14%         3
 Manifold Assault         Tloc           13%        N/A       43%         4


Dungeon Overview and Level Annotations

Branches:
Dungeon (2/15)

Altars:


Innate Abilities, Weirdness & Mutations

You cannot wear most types of armour.
You are amphibious.
You can wear up to eight rings at the same time.
Your skin changes colour to match your surroundings (Stealth+).
Your rubbery body absorbs attacks. (AC +1, EV +1)
((You are camouflaged when in or above water. (Stealth+)))
You have tentacles for arms and can constrict up to eight enemies at once.


Message History

You constrict the hobgoblin, but do no damage.
The hobgoblin misses you.
You tentacle-slap the hobgoblin.
The hobgoblin is heavily wounded.
You constrict the hobgoblin, but do no damage.
The hobgoblin completely misses you.
You tentacle-slap the hobgoblin.
You kill the hobgoblin!
The orc priest mumbles some strange prayers to Beogh against you.
Beogh smites you!
Ouch! That really hurt!
* * * LOW HITPOINT WARNING * * *
An orc comes into view. It is wielding a +0 club.
You hear a shout!
Unknown command.
It was a potion of curing.
You feel better.
You hear an angry hiss. x2
Unknown command.
You barely miss the orc. You grab the orc. You squeeze the orc!
You kill the orc!
A quokka and an orc priest come into view.
The orc priest misses you.
You closely miss the orc priest. Your grab misses the orc priest.
The orc priest barely misses you.
You completely miss the orc priest. You grab the orc priest.
You constrict the orc priest. The orc priest closely misses you.
The orc priest looks braver for a moment.
You tentacle-slap the orc priest.
The orc priest is heavily wounded.
You constrict the orc priest. The orc priest misses you.
The orc priest calls down the wrath of Beogh upon you.
Beogh smites you!
* * * LOW HITPOINT WARNING * * *
A frilled lizard comes into view.
You tentacle-slap the orc priest. Your squeeze misses the orc priest.
The orc priest is heavily wounded.
You constrict the orc priest. The orc priest closely misses you.
The orc priest invokes the aid of Beogh against you.
Beogh smites you!
You die...

###.##..#..........#
#..#.##.##.......#
##....#.##.......#
##.....####...### ##..
#.(#.#....#(#.###....#
##.##.####...#....># ###
#.....# ##.....####
..###..########...#...#
##
#.##............@)###.##
#.. #.##....#######o#.#
#..### ##..# ........#
#r#..###...####..##
...#######
#.##...###...##.# #
.........# #o# ##.#
###...†# # .......#. #.#
..# ###..# # ....<..#
#.# .# #.#### .......#
#l# # #..... .......#
... ##.....


You could see 2 orc priests, a quokka and a frilled lizard.

Vanquished Creatures
  Jessica (D:2)
  An adder (D:2)
  2 worms (D:2)
  A dart slug (D:1)
  An orc (D:2)
  5 ball pythons
  4 endoplasms (D:1)
  2 giant cockroaches (D:2)
  3 goblins (D:1)
  3 hobgoblins
  2 quokkas (D:1)
  4 frilled lizards
  3 kobolds
  5 rats (D:2)
37 creatures vanquished.

Notes
Turn   | Place    | Note
-------+----------+-------------------------------------------
     0 | D:1      | Dreamer the Octopode Warper began the quest for the Orb.
     0 | D:1      | Reached XP level 1. HP: 14/14 MP: 3/3
   163 | D:1      | Reached XP level 2. HP: 19/19 MP: 5/5
   359 | D:1      | Found a faded altar of an unknown god.
   369 | D:1      | Reached skill level 1 in Stealth
  1220 | D:2      | Reached XP level 3. HP: 24/24 MP: 6/6
  1336 | D:2      | HP: 1/24 [frilled lizard (3)]
  1693 | D:2      | Noticed Jessica
  1716 | D:2      | Killed Jessica
  1717 | D:2      | Reached XP level 4. HP: 30/30 MP: 7/7
  1814 | D:2      | Identified the +2 robe "Ybuozuytu" {Dex+4}
  1863 | D:2      | HP: 1/30 [orc priest/divine providence (14)]
  1864 | D:2      | Killed from afar by an orc priest

Illustrated notes

Levels and vault maps discovered:
D:1:      ncdulo_smallfort, layout_basic, hellmonk_ecumenical_altar_lost_god
D:2:      layout_rooms, uniq_jessica

Skill      XL: |  1  2  3 |
---------------+----------+-----
Stealth        | 1 |  1.9
Unarmed Combat | 3 |  3.1
Fighting       | |  2.4
Throwing       | |  1.0
Dodging        | |  2.7
Spellcasting   | |  2.3
Translocations | |  3.3

Action                   |  1- 3 |  4- 6 || total
-------------------------+-------+-------++-------
Melee: Unarmed           |    65 |    12 ||    77
       Tentacles         |    13 |     3 ||    16
       Constrict         |    19 |     4 ||    23
       Punch             |     1 |       ||     1
  Use: Potion            |       |     1 ||     1
 Stab: Sleeping          |     7 |       ||     7
Armor: Skin              |     3 |       ||     3
Dodge: Dodged            |    32 |     8 ||    40
